 Dungeon Crawl Stone Soup version 0.29-a0-613-gf2c431b9b9 (webtiles) character file.

Game seed: 4976973310924094303

39 moldycheese5 the Skirmisher (level 3, -2/29 HPs)
             Began as a Demonspawn Berserker on June 16, 2022.
             Was a Follower of Trog.
             Slain by a worm (10 damage)
             ... on level 2 of the Dungeon.
             The game lasted 00:02:14 (1670 turns).

moldycheese5 the Skirmisher (Demonspawn Berserker)  Turns: 1670, Time: 00:02:14

Health: -2/29      AC:  3    Str: 19    XL:     3   Next: 28%
Magic:  3/3        EV: 12    Int:  8    God:    Trog [*.....]
Gold:   77         SH:  0    Dex: 12    Spells: 2/2 levels left

rFire   + . .      SeeInvis +     - Unarmed
rCold   . . .      Faith    .   (no shield)
rNeg    . . .      Spirit   .   j - +1 robe "Munyinaucs" {+Blink rElec rF+}
rPois   .          Reflect  .   (no helmet)
rElec   +          Harm     .   (no cloak)
rCorr   .          Rampage  .   (no gloves)
Will    .....                   (no boots)
Stlth   +.........              (no amulet)
HPRegen 0.09/turn               l - ring of see invisible
MPRegen 0.08/turn               (no ring)

@: no status effects
A: ignite blood 1
a: Renounce Religion, Evoke Blink, Berserk


You were on level 2 of the Dungeon.
You worshipped Trog.
Trog was aware of your devotion.
You visited 1 branch of the dungeon, and saw 2 of its levels.

You collected 77 gold pieces.

Inventory:

Armour
 a - a +0 animal skin
 j - the +1 robe "Munyinaucs" (worn) {+Blink rElec rF+}
   (You found it on level 2 of the Dungeon)

   rF:        It protects you from fire.
   rElec:     It insulates you from electricity.
   +Blink:    It lets you blink.
Jewellery
 l - a ring of see invisible (left hand)
Scrolls
 c - a scroll of magic mapping {unknown}
 d - a scroll of silence {unknown}
 e - 2 scrolls of identify {unknown}
 f - a scroll of teleportation {unknown}
 k - a scroll of enchant armour {unknown}
Potions
 b - a potion of heal wounds {unknown}
 g - a potion of mutation {unknown}
 h - a potion of lignification {unknown}
 i - a potion of curing {unknown}
 m - 2 potions of brilliance {unknown}


   Skills:
 + Level 3.4 Fighting
 + Level 1.8 Armour
 + Level 2.1 Dodging
 + Level 0.1 Stealth
 + Level 3.4 Unarmed Combat


You had 2 spell levels left.
You didn't know any spells.
Your spell library was empty.

Dungeon Overview and Level Annotations

Branches:
Dungeon (2/15)

Altars:


Innate Abilities, Weirdness & Mutations

Your demonic aura sometimes causes spilled blood to erupt in flames.


Message History

You hit the worm.
The worm is heavily wounded.
You hit the worm.
The worm is severely wounded.
The worm bites you.
You barely miss the worm.
The worm is severely wounded.
You hit the worm but do no damage.
The worm is severely wounded.
The worm barely misses you.
You hit the worm.
The worm is severely wounded.
You hit the worm.
The worm is almost dead.
The worm bites you!
* * * LOW HITPOINT WARNING * * *
You are too injured to fight recklessly!
You are too injured to fight recklessly!
You are too injured to fight recklessly!
You are too injured to fight recklessly!
You are too injured to fight recklessly!
You barely miss the worm.
The worm is almost dead.
The worm barely misses you.
You hit the worm.
The worm is almost dead.
You hit the worm.
The worm is almost dead.
The worm closely misses you.
You barely miss the worm.
The worm is almost dead.
You completely miss the worm.
The worm is almost dead.
The worm completely misses you.
You hit the worm.
The worm is almost dead.
You barely miss the worm.
The worm is almost dead.
The worm bites you!
You die...

##...##...# ##..........
#........... ##...........
#### $....[...... ....
#........ ## #######..w.#
#......#@####
#......#.#..####
#########......#.#P.P.P###
##...............#.≈≈≈≈≈P##
....<............≈≈...PP≈.P
#.#
...............#.#P.P###.≈P
#.# ##.............#.#PP##
#.# ...............#.#.##
#.#
.#.............#.###########
#.#


You could see a worm.

Vanquished Creatures
  An adder (D:2)
  A dart slug (D:1)
  3 bats
  An endoplasm (D:2)
  4 goblins
  3 hobgoblins
  4 jackals (D:1)
  3 kobolds
  A ball python (D:1)
  6 rats
27 creatures vanquished.

Notes
Turn   | Place    | Note
-------+----------+-------------------------------------------
     0 | D:1      | moldycheese5 the Demonspawn Berserker began the quest for
                  | the Orb.
     0 | D:1      | Reached XP level 1. HP: 18/18 MP: 1/1
   439 | D:1      | Gained mutation: Your demonic aura sometimes causes spilled
                  | blood to erupt in flames. [demonic ancestry]
   439 | D:1      | Reached XP level 2. HP: 18/24 MP: 2/2
  1155 | D:2      | Reached XP level 3. HP: 13/29 MP: 3/3
  1548 | D:2      | Identified the +1 robe "Munyinaucs" {+Blink rElec rF+}
  1670 | D:2      | Slain by a worm

Illustrated notes

Levels and vault maps discovered:
D:1:      elethiomel_arrival_shortcut, layout_loops_ring, chequers_garden,
          minmay_strange_pillars, minivault_27, chequers_mini_garden
D:2:      layout_rooms, shapermc_ecumenical_altar_hornbeckon

Skill      XL: |  1  2 |
---------------+-------+-----
Unarmed Combat | 3 |  3.4
Dodging        | 2 |  2.1
Fighting       | |  3.4
Armour         | |  1.8
Stealth        | |  0.1

Action                   || total
-------------------------++-------
Melee: Unarmed           ||   109
       Punch             ||     3
 Stab: Distracted        ||     1
       Sleeping          ||     1
Armor: Animal skin       ||    22
Dodge: Dodged            ||    74

Table legend: (Time is in decaauts)
 A = Elapsed time spent in this place.
 B = Non-inter-level travel time spent in this place.
 C = Inter-level travel time spent in this place.
 D = Time resting spent in this place.
 E = Time spent auto-exploring this place.
 F = Levels seen in this place.
 G = Mean time per level.
                   A        B        C        D        E       F      G
               +--------+--------+--------+--------+--------+-----+--------+
         Total |   1664 |   1625 |     39 |    219 |   1167 |   2 |  832.0 |
       Dungeon |   1664 |   1625 |     39 |    219 |   1167 |   2 |  832.0 |
               +--------+--------+--------+--------+--------+-----+--------+

Top non-repeatable levels by time:
     D:1: 1111 daAuts
     D:2: 552 daAuts
